 Dungeon Crawl Stone Soup version 0.30-a0-304-gdc4b735fe1 (webtiles) character file.

Game seed: 5676973143494549427

45225 garrulousMonolith the Carver (level 14, -2/122 HPs)
             Began as a Minotaur Hunter on Oct 21, 2022.
             Was the Champion of Okawaru.
             Slain by a yak (4 damage)
             ... on level 5 of the Lair of Beasts.
             The game lasted 00:35:51 (16364 turns).

garrulousMonolith the Carver (Minotaur Hunter)     Turns: 16364, Time: 00:35:51

Health: -2/122     AC: 28    Str: 16    XL:     14   Next: 0%
Magic:  17/19      EV: 12    Int:  6    God:    Okawaru [******]
Gold:   1188       SH:  0    Dex: 19    Spells: 13/13 levels left

rFire   . . .      SeeInvis .    u - +0 great sword (flame)
rCold   + . .      Faith    .    (shield currently unavailable)
rNeg    . . .      Spirit   .    s - +4 plate armour of Ataoniun {rPois Regen+}
rPois   +          Reflect  .    (helmet restricted)
rElec   .          Harm     .    W - +0 cloak
rCorr   .          Rampage  .    D - +1 pair of gloves {hurl}
Will    +....                    Y - +2 pair of boots {Stlth+}
Stlth   +++.......               (no amulet)
HPRegen 1.20/turn                B - ring of protection from cold
MPRegen 0.16/turn                O - ring of Shadows {Umbra +Inv Stlth+}

@: heroic, wreathed by umbra, studying Invocations
A: horns 2, retaliatory headbutt
a: Renounce Religion, Evoke Invisibility, Heroism, Finesse, Duel


You were on level 5 of the Lair of Beasts.
You worshipped Okawaru.
Okawaru was exalted by your worship.
You visited 3 branches of the dungeon, and saw 18 of its levels.
You also visited: Bailey and Volcano.

You collected 1188 gold pieces.

Inventory:

Hand Weapons
 a - a +1 arbalest of draining
 b - a +0 scimitar of freezing
 e - a +3 shortbow of flaming
 f - a +3 broad axe of electrocution
 m - a +1 arbalest of flaming
 n - a +1 dagger of venom
 u - a +0 great sword of flaming (weapon)
Missiles
 v - 3 throwing nets (quivered)
 V - 36 poisoned darts
Armour
 c - a +0 buckler
 s - the +4 plate armour of Ataoniun (worn) {rPois Regen+}
   (Okawaru gifted it to you on level 9 of the Dungeon)

   rPois:     It protects you from poison.
   Regen:     It increases your rate of health regeneration.
 w - the +1 pair of gloves of Okawaru's Delight {Int+2}
   (Okawaru gifted it to you on level 5 of the Lair of Beasts)

   Int:       It affects your intelligence (+2).
 D - a +1 pair of gloves of hurling (worn)
 W - a +0 cloak (worn)
 Y - a +2 pair of boots of stealth (worn)
Jewellery
 q - a ring of see invisible
 t - a ring of protection from fire
 y - a +4 ring of protection
 B - a ring of protection from cold (left hand)
 E - a +4 ring of evasion
 I - a ring of protection from cold
 K - a +6 ring of intelligence
 O - the ring of Shadows (right hand) {Umbra +Inv Stlth+}
   (You found it on level 3 of the Lair of Beasts)

   [ring of stealth]

   It surrounds you with an aura of shadow, increasing your stealth and reducing
   the accuracy of all others within it.
   +Inv:      It lets you turn invisible.
   Stlth:     It makes you more stealthy.
Wands
 h - a wand of flame (8)
 p - a wand of roots (15)
 A - a wand of polymorph (12)
 P - a wand of paralysis (16)
 T - a wand of mindburst (8)
Scrolls
 d - 3 scrolls of identify
 i - 4 scrolls of immolation
 k - a scroll of vulnerability
 l - a scroll of teleportation
 o - 4 scrolls of blinking
 r - 2 scrolls of fog
 F - a scroll of fear
 L - a scroll of magic mapping
Potions
 g - 4 potions of flight
 j - 10 potions of ambrosia
 x - 3 potions of cancellation
 z - 2 potions of berserk rage
 H - a potion of haste
 M - 6 potions of brilliance
 Q - 4 potions of magic
 R - 3 potions of might
 S - a potion of mutation
Miscellaneous
 N - a condenser vane (inert)


   Skills:
 + Level 10.6(15.6) Fighting
 - Level 14.0(19.0) Long Blades
 * Level 14.0(19.0) Ranged Weapons
 + Level 10.2(15.2) Armour
 + Level 9.8(14.8) Dodging
 - Level 5.0(10.0) Stealth
 - Level 4.0(9.0) Shields
 + Level 8.4 Invocations


You had 13 spell levels left.
You didn't know any spells.
Your spell library contained the following spells:

 Spells                   Type           Power      Damage    Failure   Level
 Cigotuvi's Dreadful Rot  Necr/Pois/Air  0%         N/A       100%        2
 Poisonous Vapours        Pois/Air       0%         N/A       100%        2
 Static Discharge         Conj/Air       0%         2-2/arc   100%        2
 Mephitic Cloud           Conj/Pois/Air  0%         N/A       100%        3
 Vhi's Electric Charge    Tloc/Air       0%         N/A       100%        3
 Passage of Golubria      Tloc           0%         N/A       100%        4
 Arcjolt                  Conj/Air       0%         1d10      100%        5
 Iskenderun's Battlesphe  Conj           0%         2d6       100%        5
 Lightning Bolt           Conj/Air       0%         1d11      100%        5
 Yara's Violent Unravell  Hex/Tmut       0%         3d3       100%        5
 Iron Shot                Conj/Erth      0%         9d1       100%        6
 Tukima's Dance           Hex            Unusable   N/A       N/A         3
 Spellforged Servitor     Conj/Summ      Unusable   N/A       N/A         7

Dungeon Overview and Level Annotations

Branches:
Dungeon (12/15)            Temple (1/1) D:5            Lair (5/5) D:10
 Shoals (0/4) Lair:3       Spider (0/4) Lair:2        Slime (0/5) Lair:5
    Orc (0/2) D:10         Bailey (visited)         Volcano (visited)

Altars:
Ashenzari
Cheibriados
Dithmenos
Elyvilon
Fedhas
Gozag
Hepliaklqana
Kikubaaqudgha
Makhleb
Nemelex Xobeh
Okawaru
Qazlal
Ru
Sif Muna
Trog
Uskayaw
Vehumet
Wu Jian
Xom
Yredelemnul
Zin
The Shining One

Shops:
D:1 :   D:11 *

Annotations:
D:4 4 transporters, osoart's ghost, amateur DgHu
D:11 3 runed translucent doors, baller8008's ghost, journeyman HOFi; liarliar's ghost, journeyman FeEn
Lair:2 exclusion: oklob plant


Innate Abilities, Weirdness & Mutations

You have a pair of horns on your head.
You reflexively headbutt those who attack you in melee.


Message History

You slash the yak! You burn the yak.
The yak is heavily wounded.
The yak gores you but does no damage. The yak gores you.
* * * LOW HITPOINT WARNING * * *
The yak gores you but does no damage.
You barely miss the yak. You headbutt the yak.
The yak is severely wounded.
The yak gores you but does no damage. x2; The yak barely misses you.
You furiously retaliate!
You headbutt the yak. You slash the yak! You burn the yak.
You kill the yak!
Okawaru accepts your kill.
The yak gores you but does no damage. x3
You have reached level 14!
The yak attacks as you move away! The yak gores you!
* * * LOW HITPOINT WARNING * * *
The yak gores you but does no damage.
You gain the combat prowess of a mighty hero.
The yak gores you but does no damage.
You slash the yak! You burn the yak.
The yak is heavily wounded.
The yak gores you but does no damage. x4
You hit the yak. You burn the yak.
The yak is heavily wounded.
You barely miss the yak. You headbutt the yak.
The yak is severely wounded.
The yak gores you but does no damage. The yak gores you.
* * * LOW HITPOINT WARNING * * *
The yak gores you but does no damage. x2
You closely miss the yak.
The yak is severely wounded.
The yak gores you but does no damage. x3; The yak barely misses you.
You furiously retaliate!
You headbutt the yak, but do no damage. You slice the yak!! You burn the yak.
You kill the yak!
Okawaru accepts your kill. The yak gores you!
* * * LOW HITPOINT WARNING * * *
The yak gores you.
You die...

<.#####.##P.#....#.##.P...###
### ..............†.......P#
.. #..#........#.~.~..P...#
.. #≈≈§≈......#.~~~~~.....#
..P #≈§§≈......#≈~≈≈≈~#....#
.... .≈≈§.......#~≈≈≈≈≈~....#
#.§§........#≈≈≈≈~~...##
...........YY..~.##).P.# #.
...........@Y†........P# .#
.##....†...........# .#
#.#.######...#..### .## #
#P.....## .P# #....†## ..#
##.Y....# ..# ###...Y.### ..#
.......†...# .##
..#...#YY...#


You could see 3 yaks.

Vanquished Creatures
  A dire elephant (Volcano)
  A rakshasa (D:10)
  6 hydras
  A centaur warrior (Volcano)
  4 two-headed ogres
  The ghost of Piups the Frost Mage, a journeyman DsIE of Vehumet (Lair:3)
  3 thrashing horrors (Lair:5)
  A spectral catoblepas (Lair:3)
  A fire crab (Lair:5)
  A swamp dragon (shapeshifter) (Lair:5)
  A lindwurm (Lair:4)
  A spectral hydra (Lair:3)
  2 ugly things (Lair:5)
  6 elephants
  4 black mambas
  A molten gargoyle (Volcano)
  2 gargoyles (D:11)
  5 cane toads
  6 kobold demonologists
  2 yaktaurs (Volcano)
  2 komodo dragons
  Maggie (Lair:1)
  A rime drake (Lair:4)
  A merfolk (Lair:3)
  2 polar bears (Lair:4)
  An ancient zyme (Lair:5)
  A queen bee (D:10)
  5 dream sheep (Lair:4)
  12 blink frogs
  2 jumping spiders (Lair:2)
  3 culicivoras (Lair:2)
  8 spriggans
  5 small abominations (Lair:5)
  32 yaks
  2 wyverns (D:10)
  3 shadows
  4 fire bats (Volcano)
  A spectral komodo dragon (Lair:3)
  Eustachio (D:6)
  A wraith (D:11)
  Grum (D:10)
  2 basilisks (Lair:5)
  3 chaos spawn (Lair:5)
  A steam dragon (Bailey)
  3 vampire mosquitoes (D:9)
  Edmund (D:6)
  2 redbacks (Lair:2)
  2 acid dragons
  13 water moccasins
  Duvessa (D:7)
  2 ice beasts
  2 orc warriors
  A black bear (D:6)
  6 ogres
  A sky beast (D:6)
  16 wolves
  7 centaurs
  11 bullfrogs
  5 necrophages
  4 scorpions
  4 kobold brigands
  6 wights
  Dowan (D:7)
  29 killer bees
  A torpor snail simulacrum (Lair:3)
  An electric eel (Lair:3)
  6 lava snakes (Volcano)
  2 jellies
  3 hounds
  A gnoll bouda (D:8)
  7 orc priests
  Jessica (D:2)
  3 iguanas
  5 orc wizards
  12 gnolls
  4 adders
  A shadow imp (D:7)
  A white imp (D:7)
  A worm (D:3)
  6 dart slugs
  40 orcs
  6 bats
  5 endoplasms
  6 giant cockroaches
  3 hobgoblins
  21 kobolds
  3 quokkas (D:2)
  6 ball pythons
  A frilled lizard (D:3)
  7 goblins
  5 rats
  A butterfly (Lair:1)
421 creatures vanquished.

Vanquished Creatures (others)
  A centaur (Volcano)
  19 fungi
  23 plants
  6 withered plants (D:11)
49 creatures vanquished.

Grand Total: 470 creatures vanquished

Notes
Turn   | Place    | Note
-------+----------+-------------------------------------------
     0 | D:1      | garrulousMonolith the Minotaur Hunter began the quest for
                  | the Orb.
     0 | D:1      | Reached XP level 1. HP: 18/18 MP: 0/0
    47 | D:1      | Reached skill level 1 in Stealth
   232 | D:1      | Reached XP level 2. HP: 25/25 MP: 1/1
   440 | D:1      | You fall into a shaft and drop 1 floor!
   699 | D:1      | Reached XP level 3. HP: 22/31 MP: 2/2
   788 | D:1      | Found Fautae's Book Boutique.
   997 | D:2      | Noticed Jessica
   999 | D:2      | Killed Jessica
  1000 | D:2      | Reached skill level 1 in Armour
  1086 | D:2      | Reached skill level 5 in Ranged Weapons
  1086 | D:2      | Reached XP level 4. HP: 38/38 MP: 3/3
  1438 | D:3      | Reached skill level 1 in Long Blades
  1583 | D:3      | Reached XP level 5. HP: 35/45 MP: 4/4
  1770 | D:3      | Found a shadowy altar of Dithmenos.
  2475 | D:4      | Found a transporter.
  2482 | D:4      | Reached XP level 6. HP: 41/52 MP: 5/5
  2573 | D:4      | Found a transporter.
  2869 | D:4      | Found a transporter.
  2872 | D:4      | Noticed osoart's ghost (amateur DgHu)
  2877 | D:4      | Found a transporter.
  2895 | D:5      | Entered Level 5 of the Dungeon
  3019 | D:5      | Reached XP level 7. HP: 33/59 MP: 6/6
  3112 | D:5      | Found a staircase to the Ecumenical Temple.
  3126 | Temple   | Entered the Ecumenical Temple
  3135 | Temple   | Became a worshipper of Warmaster Okawaru
  3784 | D:6      | Reached skill level 1 in Invocations
  3888 | D:6      | Noticed Edmund
  3898 | D:6      | Killed Edmund
  3898 | D:6      | Reached * piety under Okawaru
  3899 | D:6      | Reached XP level 8. HP: 34/67 MP: 6/8
  4054 | D:6      | Reached skill level 5 in Long Blades
  4143 | D:6      | Noticed Eustachio
  4188 | D:6      | Killed Eustachio
  4189 | D:6      | Reached skill level 5 in Fighting
  4422 | D:6      | Reached ** piety under Okawaru
  5080 | D:7      | Reached skill level 5 in Dodging
  5095 | D:6      | Reached XP level 9. HP: 29/74 MP: 9/9
  5668 | D:7      | Noticed Duvessa
  5668 | D:7      | Noticed Dowan
  5683 | D:7      | Killed Duvessa
  5685 | D:7      | Killed Dowan
  5685 | D:7      | Reached *** piety under Okawaru
  5889 | D:7      | Reached skill level 5 in Armour
  6264 | D:8      | Found a flagged portal.
  6274 | Bailey   | Entered a bailey
  6315 | Bailey   | Reached **** piety under Okawaru
  6477 | Bailey   | Reached XP level 10. HP: 42/84 MP: 11/11
  6733 | Bailey   | Noticed a two-headed ogre
  6739 | Bailey   | Killed a two-headed ogre
  6739 | Bailey   | Reached ***** piety under Okawaru
  7864 | D:8      | Found a hazy altar of Hepliaklqana.
  7865 | D:8      | Found a shimmering altar of Xom.
  7866 | D:8      | Noticed a two-headed ogre
  7919 | D:9      | Found a glowing silver altar of Zin.
  7928 | D:9      | Identified the +4 plate armour of Ataoniun {rPois Regen+}
                  | (Okawaru gifted it to you on level 9 of the Dungeon)
  7928 | D:9      | Received a gift from Okawaru
  8111 | D:9      | Reached skill level 5 in Stealth
  8125 | D:9      | Reached skill level 10 in Ranged Weapons
  8236 | D:9      | Found a broken altar of Ashenzari.
  8395 | D:8      | Reached XP level 11. HP: 82/92 MP: 13/13
  8559 | D:9      | Found a hide-covered altar of Uskayaw.
  8759 | D:9      | Found a sacrificial altar of Ru.
  8993 | D:10     | Entered Level 10 of the Dungeon
  9100 | D:10     | Noticed a two-headed ogre
  9110 | D:10     | Killed a two-headed ogre
  9111 | D:10     | Reached skill level 1 in Shields
  9111 | D:10     | Reached skill level 5 in Invocations
  9251 | D:10     | Reached skill level 10 in Long Blades
  9309 | D:10     | Noticed a rakshasa
  9329 | D:10     | Killed a rakshasa
  9441 | D:10     | Noticed Grum
  9445 | D:10     | Killed Grum
  9530 | D:10     | Found a staircase to the Orcish Mines.
  9713 | D:10     | Found a staircase to the Lair.
  9851 | D:11     | Found Juniwen's Mayhem Merchandise.
  9857 | D:11     | Noticed a two-headed ogre
  9863 | D:11     | Killed a two-headed ogre
  9949 | D:11     | Found a runed translucent gate.
  9950 | D:11     | Found a runed translucent gate.
  9952 | D:11     | Found a runed translucent gate.
  9955 | D:11     | Noticed liarliar's ghost (journeyman FeEn)
  9955 | D:11     | Noticed baller8008's ghost (journeyman HOFi)
  9977 | D:11     | Identified the +0 pair of boots of Happy Babbling {rPois
                  | Will- Regen+ Int-4} (Okawaru gifted it to you on level 11
                  | of the Dungeon)
  9977 | D:11     | Received a gift from Okawaru
 10131 | D:11     | Noticed a two-headed ogre
 10133 | D:11     | Killed a two-headed ogre
 10143 | D:11     | Reached ****** piety under Okawaru
 10188 | D:11     | Reached XP level 12. HP: 43/103 MP: 15/15
 10911 | Lair:1   | Entered Level 1 of the Lair of Beasts
 10911 | Lair:1   | Noticed Maggie
 10914 | Lair:1   | Killed Maggie
 11900 | Lair:2   | Found a dark tunnel.
 11914 | Volcano  | Entered a volcano
 12007 | Volcano  | Noticed a red draconian
 12026 | Volcano  | Noticed a centaur warrior
 12027 | Volcano  | Found a burning altar of Makhleb.
 12041 | Volcano  | Killed a centaur warrior
 12120 | Volcano  | a red draconian changed into a dire elephant
 12120 | Volcano  | Noticed a dire elephant
 12234 | Volcano  | Killed a dire elephant
 12627 | Lair:2   | Noticed a six-headed hydra
 12642 | Lair:2   | Killed a two-headed hydra
 12642 | Lair:2   | Received a gift from Okawaru
 13034 | Lair:2   | Found a hole to the Spider Nest.
 13490 | Lair:3   | Noticed a four-headed hydra
 13497 | Lair:3   | Killed a one-headed hydra
 13542 | Lair:3   | Found the ring of Shadows {Umbra +Inv Stlth+}
 13681 | Lair:3   | Found a runed translucent gate.
 13681 | Lair:3   | Found a runed translucent gate.
 13683 | Lair:3   | Found a runed translucent gate.
 13688 | Lair:3   | Noticed Piups's ghost (journeyman DsIE)
 13904 | Lair:3   | Found a staircase to the Shoals.
 14120 | Lair:3   | Killed Piups's ghost
 14127 | Lair:3   | Reached XP level 13. HP: 88/111 MP: 10/17
 14903 | Lair:4   | Reached skill level 10 in Fighting
 15061 | Lair:5   | Entered Level 5 of the Lair of Beasts
 15121 | Lair:4   | Received a gift from Okawaru
 15447 | Lair:5   | Found a staircase to the Slime Pits.
 15850 | Lair:5   | Reached skill level 10 in Armour
 15907 | Lair:5   | Identified the +1 pair of gloves of Okawaru's Delight
                  | {Int+2} (Okawaru gifted it to you on level 5 of the Lair of
                  | Beasts)
 15907 | Lair:5   | Received a gift from Okawaru
 16358 | Lair:5   | Reached XP level 14. HP: 18/122 MP: 19/19
 16364 | Lair:5   | HP: 2/122 [yak (11)]
 16364 | Lair:5   | Slain by a yak

Illustrated notes

Levels and vault maps discovered:
D:1:      tarquinn_simple_flora_water_c, layout_loops_corners, serial_shops,
          nicolae_diamond_shop
D:2:      layout_rooms, uniq_jessica
D:3:      layout_basic, grunt_dithmenos_smoke
D:4:      gammafunk_steamed_eel, layout_basic, gammafunk_ghost_mausoleum
D:5:      layout_loops_cross, temple_hall
D:6:      layout_basic, hex_tiny, minmay_between, uniq_eustachio, uniq_edmund
D:7:      layout_rooms, uniq_duvessa
D:8:      layout_loops_ring, regret_index_temple_of_mockery, enter_bailey_1,
          chequers_serial_rivers_micro_d
D:9:      layout_long_grid, mainiacjoe_overflow_catwalk_spiral,
          nicolae_ru_awakened_eye, marbit_many_paths
D:10:     layout_basic, grunt_lair_entry_orc_guard_hut, special_room
          [special_room_bee], small_chamber_with_monster, uniq_grum
D:11:     layout_long_grid, gammafunk_ghost_cemetery, minmay_shop_mayhem,
          minmay_increasing_density
D:12:     layout_basic, uniq_gastronok, uniq_lodul
Temple:   minmay_freezing_vapour_temple
Lair:1:   layout_roguey, lemuel_fruit_fields, uniq_maggie
Lair:2:   layout_regular_city, nicolae_spider_entry_tight_spaces,
          nicolae_volcano_entry_two_sided
Lair:3:   layout_loops_ring, elwin_shoals_entry_rooms,
          gammafunk_ghost_necromancy
Lair:4:   layout_gridlike, serial_rivers, chequers_serial_rivers_micro_c,
          chequers_serial_rivers_small_a, chequers_serial_rivers_large_b,
          chequers_serial_rivers_micro_d, chequers_serial_rivers_room_a,
          serial_bayou_pond_e
Lair:5:   hellmonk_lair_end_abyssal_woods, layout_gridlike, slime_entry_1,
          grunt_megastairs_5

Skill      XL: |  1  2  3  4  5  6  7  8  9 10 11 12 13 |
---------------+----------------------------------------+-----
Stealth        | 1 2 3 4 5 |  5.0
Fighting       | 3 4 5 6 7 8 9 10 | 10.6
Armour         | 1 2 3 4 5 6 7 9 10 | 10.2
Ranged Weapons | 5 6 7 9 10 11 12 14 | 14.0
Dodging        | 3 4 5 6 7 8 9 |  9.8
Long Blades    | 1 2 3 4 6 7 9 11 12 14 | 14.0
Invocations    | 1 2 3 4 5 7 8 |  8.4
Shields        | 3 4 |  4.0

Action                   |  1- 3 |  4- 6 |  7- 9 | 10-12 | 13-15 || total
-------------------------+-------+-------+-------+-------+-------++-------
Melee: Scimitar          |       |    50 |   119 |   250 |    20 ||   439
       Dagger            |       |    16 |       |       |       ||    16
       Headbutt          |       |    12 |    24 |    99 |    85 ||   220
       Punch             |       |       |     3 |     2 |     1 ||     6
       Great sword       |       |       |       |    95 |   267 ||   362
       Long sword        |       |       |       |    15 |       ||    15
       Broad axe         |       |       |       |       |    23 ||    23
 Fire: Shortbow          |    67 |   102 |    13 |     5 |       ||   187
       Arbalest          |       |       |   143 |   285 |    20 ||   448
Throw: Throwing net      |       |       |       |     1 |     2 ||     3
Invok: Heroism           |       |       |     2 |     3 |     2 ||     7
       Finesse           |       |       |       |     2 |       ||     2
Evoke: Wand              |       |       |     2 |    11 |     5 ||    18
       Condenser vane    |       |       |       |       |     1 ||     1
  Use: Scroll            |     2 |     6 |     9 |    16 |     5 ||    38
       Potion            |       |     1 |       |     7 |     3 ||    11
 Stab: Invisible         |       |       |       |     1 |     5 ||     6
       Held in net/web   |       |       |       |     1 |     1 ||     2
Armor: Leather armour    |     6 |     3 |       |       |       ||     9
       Chain mail        |       |    56 |   169 |     1 |       ||   226
       Plate armour      |       |       |       |   474 |   528 ||  1002
       Acid dragon scale |       |       |       |    10 |       ||    10
Dodge: Dodged            |    11 |    40 |   181 |   478 |   324 ||  1034
Block: Buckler           |       |       |       |    44 |       ||    44

Table legend: (Time is in decaauts)
 A = Elapsed time spent in this place.
 B = Non-inter-level travel time spent in this place.
 C = Inter-level travel time spent in this place.
 D = Time resting spent in this place.
 E = Time spent auto-exploring this place.
 F = Levels seen in this place.
 G = Mean time per level.
                   A        B        C        D        E       F      G
               +--------+--------+--------+--------+--------+-----+--------+
         Total |  16855 |  16185 |    670 |   3237 |   9103 |  20 |  842.8 |
       Dungeon |  10560 |  10000 |    560 |   1689 |   6040 |  12 |  880.0 |
        Temple |     27 |     22 |      5 |      0 |     13 |   1 |   27.0 |
          Lair |   5125 |   5020 |    105 |   1007 |   2886 |   5 | 1025.0 |
        Bailey |    743 |    743 |      0 |    447 |    101 |   1 |  743.0 |
       Volcano |    397 |    397 |      0 |     94 |     62 |   1 |  397.0 |
               +--------+--------+--------+--------+--------+-----+--------+

Top non-repeatable levels by time:
     D:6: 1523 daAuts
  Lair:5: 1175 daAuts
     D:8: 1165 daAuts
  Lair:2: 1134 daAuts
    D:11: 1078 daAuts
  Lair:4: 1049 daAuts
     D:3: 1007 daAuts
     D:7: 1001 daAuts
     D:9: 994 daAuts
    D:10: 955 daAuts
     D:1: 946 daAuts
  Lair:1: 931 daAuts
     D:5: 853 daAuts
  Lair:3: 834 daAuts
  Bailey: 743 daAuts
